AoeStats
← VIT Liereyy

Arabian Desert

508849155Analyzed
1v1 RM · 8d ago on Sep 24, 2026· 32m 37s· 2 players
Game mode
Random Map
Map size
Tiny (2 player)
Population
200
Speed
Normal
Resources
Standard
Victory
Conquest
Starting age
Dark Age
Ending age
Imperial Age
RankedLock teamsTeams togetherTeam positionsShared explorationLock speedFull tech treeHidden civsTurbo modeCheats
Victory
Defeat
🇦🇹 Vikings · Austria
2913
+2
🇻🇳 Burmese · Vietnam
2448
-2
Mr.Bean
6:28 Loom
9:00 Feudal Age
12:53 Fletching
20:30 Castle Age
19:15 Padded Archer Armor
20:26 Horse Collar
20:33 Crossbowman
21:12 Bodkin Arrow
21:11 Crossbowman
21:14 Elite Skirmisher
23:11 Town Watch
24:02 Ballistics
VIT Liereyy
6:16 Loom
8:49 Feudal Age
9:16 Man-at-Arms
11:01 Double-Bit Axe
13:40 Fletching
20:07 Castle Age
18:41 Padded Archer Armor
19:04 Horse Collar
20:09 Crossbowman
20:46 Bodkin Arrow
23:24 Ballistics
23:28 Bow Saw
23:15 Gold Mining
26:36 Town Watch
31:39 Imperial Age
31:40 Arbalester
32:21 Bracer
33:26 Chemistry
Connection lost

Rejoining the realm…

Still unreachable

The connection could not be restored.

Session expired

The server has moved on; the page needs a fresh start.